Map: Invader LE

Players

LiquidTLO (TLO)

  • Race: Zerg Zerg
  • League: Grandmaster

PtitDrogo - Winner!

  • Race: Protoss Protoss
  • League: Grandmaster

VOD

Have the link to the VOD?

Description

Time

  • Played on: July 4, 2016, 12:40 p.m.
  • Length: 6:27
Show
View Real Time Build Order
Export as new Build Order

LiquidTLO Zerg 

Build Orders: Hatch First 

Get SALT Encoding   

  12  0:01  Drone  
  13  0:13  Overlord  
  13  0:17  Drone  
  14  0:32  Drone x2  
  16  0:50  Hatchery  
  16  0:52  Drone  
  16  0:55  Drone  
  17  0:58  Drone  
  18  1:04  Extractor  
  17  1:14  Spawning Pool  
  17  1:17  Drone  
  17  1:20  Drone  
  18  1:28  Drone  
  19  1:43  Overlord  
  19  2:01  Queen  
  19  2:02  Zergling x2, Drone  
  19  2:03  Queen  
  19  2:04  Metabolic Boost  
  25  2:09  Drone  
  25  2:12  Drone  
  25  2:15  Drone  
  28  2:24  Drone  
  28  2:25  Drone  
  30  2:33  Overlord  
  30  2:35  Drone  
  31  2:50  Evolution Chamber, Hatchery  
  29  2:53  Zergling x4  
  29  2:57  Zergling x2  
  29  2:58  Zergling x2  
  33  3:09  Overlord  
  33  3:13  Drone  
  33  3:18  Drone  
  35  3:22  Overlord, Drone  
  35  3:24  Zerg Melee Weapons Level 1  
  36  3:31  Drone  
  36  3:33  Overlord  
  36  3:35  Drone  
  36  3:36  Drone  
  36  3:37  Drone  
  39  3:42  Drone  
  39  3:44  Queen  
  42  3:49  Drone x2  
  42  3:53  Drone x2  
  42  3:55  Drone  
  47  3:56  Drone  
  47  3:58  Drone  
  47  4:01  Drone  
  49  4:03  Drone  
  49  4:04  Drone  
  49  4:08  Spore Crawler  
  48  4:11  Zergling x2  
  48  4:13  Zergling x2, Drone  
  50  4:17  Spore Crawler  
  50  4:19  Queen  
  50  4:21  Zergling x2  
  52  4:28  Zergling x2  
  52  4:30  Roach Warren  
  52  4:31  Burrow  
  52  4:33  Zergling x2  
  52  4:34  Zergling x2  
  52  4:37  Zergling x4  
  56  4:39  Zergling x2  
  56  4:44  Zergling x2  
  58  4:46  Extractor  
  58  4:47  Zergling x2  
  58  4:48  Queen  
  58  4:51  Drone  
  61  4:56  Overlord  
  60  5:07  Extractor  
  60  5:10  Roach x2  
  60  5:11  Overlord, Roach  
  63  5:15  Roach  
  59  5:22  Roach x2  
  59  5:23  Roach  
  59  5:24  Roach x2  
  59  5:25  Roach  
  59  5:27  Roach  
  66  5:30  Zergling x2  
  66  5:32  Zergling x2  
  66  5:33  Roach  
  58  5:35  Roach  
  58  5:36  Zergling x2  
  58  5:40  Zergling x2  
  58  5:41  Zergling x2  
  52  5:50  Drone x21  
  52  5:52  Roach  
  48  5:57  Drone x20  
Show
View Real Time Build Order
Export as new Build Order

PtitDrogo Protoss - Winner!

Build Orders: 1 Gate Expand 

Get SALT Encoding   

  12  0:01  Probe (Chrono Boost)  
  13  0:11  Probe (Chrono Boost)  
  14  0:22  Probe (Chrono Boost)  
  14  0:23  Pylon  
  15  0:41  Probe (Chrono Boost)  
  16  0:42  Gateway  
  16  0:52  Probe (Chrono Boost)  
  16  0:53  Assimilator  
  17  1:03  Probe (Chrono Boost)  
  18  1:13  Probe (Chrono Boost)  
  19  1:26  Nexus  
  19  1:28  Probe (Chrono Boost)  
  20  1:35  Cybernetics Core  
  20  1:38  Probe (Chrono Boost)  
  21  1:42  Assimilator  
  21  1:49  Probe (Chrono Boost)  
  21  1:52  Pylon  
  22  1:59  Probe (Chrono Boost)  
  23  2:10  Probe (Chrono Boost)  
  23  2:14  Stalker (Chrono Boost)  
  23  2:15  Warp Gate  
  26  2:23  Probe  
  27  2:33  Twilight Council  
  27  2:35  Probe  
  27  2:37  Probe  
  28  2:41  Adept (Chrono Boost)  
  31  2:47  Probe  
  31  2:48  Probe  
  33  2:57  Robotics Facility  
  33  2:58  Probe  
  33  3:00  Probe  
  35  3:08  Probe  
  35  3:12  Probe, Resonating Glaives (Chrono Boost)  
  37  3:19  Probe  
  37  3:21  Adept (Chrono Boost)  
  37  3:24  Probe  
  41  3:30  Probe  
  41  3:44  Gateway x2  
  41  3:46  Warp Prism (Chrono Boost)  
  41  3:48  Gateway  
  42  3:53  Gateway  
  41  4:01  Pylon  
  38  4:06  Mothership Core  
  40  4:10  Probe  
  41  4:22  Probe  
  42  4:27  Adept  
  42  4:28  Probe  
  45  4:32  Gateway  
  45  4:36  Pylon  
  46  4:42  Pylon  
  45  4:54  Adept x2  
  45  4:55  Adept x3  
  45  4:59  Pylon  
  55  5:15  Adept x5  
  63  5:38  Probe  
  63  5:40  Probe  
  65  5:50  Probe  
  65  5:52  Probe  
  65  5:54  Observer (Chrono Boost)  
  64  6:02  Probe  
  61  6:08  Probe  
  58  6:13  Assimilator  
  58  6:14  Assimilator, Probe  
Tags
 
Add a new tag
Caveats
  • Supply blocks, unpowered buildings, or Contaminate may cause inaccurate times.
  • Supply counts are checked every 10 seconds.